 Dungeon Crawl Stone Soup version 0.29-a0-234-g0dae59b3db (webtiles) character file.

Game seed: 4786135290351102291

46 bande the Covered (level 3, -1/23 HPs)
             Began as a Gargoyle Fighter on Mar 3, 2022.
             Killed from afar by Terence (11 damage)
             ... with a puff of flame
             ... on level 2 of the Dungeon.
             The game lasted 00:02:43 (1514 turns).

bande the Covered (Gargoyle Fighter)                Turns: 1514, Time: 00:02:44

Health: -1/23      AC: 14    Str: 19    XL:     3   Next: 68%
Magic:  3/3        EV:  7    Int:  8    God:
Gold:   140        SH:  8    Dex: 11    Spells: 2/2 levels left

rFire   . . .      SeeInvis .   a - +0 war axe
rCold   . . .      Faith    .   m - +0 kite shield
rNeg    + . .      Spirit   .   b - +0 scale mail
rPois   ∞          Reflect  .   (no helmet)
rElec   +          Harm     .   (no cloak)
rCorr   .          Rampage  .   (no gloves)
Will    +....                   (no boots)
Stlth   ..........              (no amulet)
HPRegen 0.07/turn               e - ring of willpower
MPRegen 0.08/turn               j - +4 ring of protection

@: no status effects
A: sickness immunity, AC +3, negative energy resistance 1, electricity
resistance, torment resistance 1, petrification resistance
a: no special abilities


You were on level 2 of the Dungeon.
You visited 1 branch of the dungeon, and saw 2 of its levels.

You collected 140 gold pieces.

Inventory:

Hand Weapons
 a - a +0 war axe (weapon)
 k - a +0 morningstar
Armour
 b - a +0 scale mail (worn)
 m - a +0 kite shield (worn)
Jewellery
 e - a ring of willpower (left hand)
 i - a +6 ring of dexterity
 j - a +4 ring of protection (right hand)
Wands
 f - a wand of acid (6)
Potions
 d - a potion of might
 g - 3 potions of curing
 h - a potion of heal wounds {unknown}
 l - a potion of mutation {unknown}


   Skills:
 + Level 3.6 Fighting
 + Level 2.5 Axes
 + Level 3.7 Armour
 + Level 3.5 Shields
 * Level 0.6 Evocations


You had 2 spell levels left.
You didn't know any spells.
Your spell library was empty.

Dungeon Overview and Level Annotations

Branches:
Dungeon (2/15)

Altars:

Annotations:
D:2 Terence


Innate Abilities, Weirdness & Mutations

You are immune to sickness and miasma.
Your stone body is resilient. (AC +3)
You are immune to poison.
You resist negative energy. (rN+)
You are resistant to electric shocks. (rElec)
You are resistant to unholy torment.
You are immune to petrification.


Message History

No target in view!
No target in view!
No target in view!
You see here a +0 kite shield.
m - a +0 kite shield You start removing your armour.
You continue taking off your +0 buckler. x4
You finish taking off your +0 buckler.
You start putting on your armour.
You continue putting on your +0 kite shield. x5
You finish putting on your +0 kite shield.
You drop a +0 buckler.
Terence the Incautious comes into view.
He is wielding a +0 mace and carrying a wand of flame (11).
Terence shouts!
You hit Terence but do no damage.
Terence zaps a wand.
You block the puff of flame. Terence hits you but does no damage.
You hit Terence but do no damage. Terence misses you.
You barely miss Terence.
Terence zaps a wand.
The puff of flame hits you! Terence shouts, "Now you die!"
Terence zaps a wand.
The puff of flame hits you.
You closely miss Terence. Terence barely misses you.
You block Terence's attack.
You closely miss Terence. You block Terence's attack.
You closely miss Terence.
A bat comes into view.
Terence hits you with a +0 mace.
The bat moves out of view.
You are too injured to fight recklessly!
You are too injured to fight recklessly!
You are too injured to fight recklessly!
You are too injured to fight recklessly!
You are too injured to fight recklessly!
You are too injured to fight recklessly!
You completely miss Terence. Terence hits you but does no damage.
Terence zaps a wand.
You block the puff of flame.
You hit Terence but do no damage. You block Terence's attack.
Terence zaps a wand.
The puff of flame misses you.
You hit Terence but do no damage. You slash the bat!
You kill the bat!
Terence zaps a wand.
The puff of flame hits you!
You die...

#...............#
#.#........###.##
#.#######.## .# #.#####
#.# # #.....# #.# #+##
#.###.# #.# #...##
#.###[###.##.....#
#.........#.......
#########...####@@......
..(............+.....?..
#########...####........
#..## ##....... #.##
#.....# #.# #...## #.#
..... #.##.


You could see Terence.

Vanquished Creatures
  An adder (D:2)
  A dart slug (D:2)
  A ball python (D:2)
  An endoplasm (D:2)
  A goblin (D:2)
  8 hobgoblins
  7 jackals (D:1)
  2 kobolds (D:2)
  2 quokkas (D:1)
  2 bats
  2 frilled lizards (D:1)
  3 rats
31 creatures vanquished.

Notes
Turn   | Place    | Note
-------+----------+-------------------------------------------
     0 | D:1      | bande the Gargoyle Fighter began the quest for the Orb.
     0 | D:1      | Reached XP level 1. HP: 14/14 MP: 1/1
   223 | D:1      | Reached XP level 2. HP: 13/19 MP: 2/2
  1095 | D:2      | Reached XP level 3. HP: 23/23 MP: 3/3
  1396 | D:2      | Noticed a great orb of eyes
  1398 | D:2      | Found a faded altar of an unknown god.
  1401 | D:2      | Noticed a floating eye
  1401 | D:2      | Noticed a floating eye
  1401 | D:2      | Noticed a floating eye
  1505 | D:2      | Noticed Terence
  1514 | D:2      | Killed from afar by Terence

Illustrated notes

Levels and vault maps discovered:
D:1:      doesnt_arrival_eight_statues, layout_basic,
          minmay_misc_feat_more_columns
D:2:      layout_loops_corners, hellmonk_ecumenical_altar_watching_god,
          uniq_terence

Skill      XL: |  1  2 |
---------------+-------+-----
Axes           | 2 |  2.5
Fighting       | |  3.6
Armour         | |  3.7
Shields        | |  3.5
Evocations     | |  0.6

Action                   || total
-------------------------++-------
Melee: War axe           ||    90
  Use: Scroll            ||     2
Armor: Scale mail        ||    58
Dodge: Dodged            ||    52
Block: Buckler           ||    12
       Kite shield       ||     5

Table legend: (Time is in decaauts)
 A = Elapsed time spent in this place.
 B = Non-inter-level travel time spent in this place.
 C = Inter-level travel time spent in this place.
 D = Time resting spent in this place.
 E = Time spent auto-exploring this place.
 F = Levels seen in this place.
 G = Mean time per level.
                   A        B        C        D        E       F      G
               +--------+--------+--------+--------+--------+-----+--------+
         Total |   1551 |   1534 |     17 |    181 |   1066 |   2 |  775.5 |
       Dungeon |   1551 |   1534 |     17 |    181 |   1066 |   2 |  775.5 |
               +--------+--------+--------+--------+--------+-----+--------+

Top non-repeatable levels by time:
     D:1: 997 daAuts
     D:2: 553 daAuts
